 Dungeon Crawl Stone Soup version 0.28.0 (webtiles) character file.

Game seed: 8924331848007008295

101 Clumpoid the Skirmisher (level 4, -5/40 HPs)
             Began as a Ghoul Fighter on Feb 13, 2022.
             Slain by a gnoll (8 damage)
             ... on level 3 of the Dungeon.
             The game lasted 00:01:25 (1587 turns).

Clumpoid the Skirmisher (Ghoul Fighter)             Turns: 1587, Time: 00:01:25

Health: -5/40      AC: 11    Str: 19    XL:     4   Next: 75%
Magic:  3/3        EV:  5    Int:  5    God:
Gold:   82         SH: 11    Dex:  8    Spells: 3/3 levels left

rFire   . . .      SeeInvis .   a - +1 trident
rCold   + + .      Faith    .   e - +0 tower shield
rNeg    + + +      Spirit   .   f - +1 scale mail {rC+}
rPois   ∞          Reflect  .   (no helmet)
rElec   .          Harm     .   (no cloak)
rCorr   .          Rampage  .   k - +2 pair of gloves
Will    .....                   (no boots)
Stlth   ..........              (no amulet)
HPRegen 0.00/turn               (no ring)
MPRegen 0.08/turn               (no ring)

@: inhibited regen
A: claws 1, cold resistance 1, negative energy resistance 3, inhibited
regeneration, torment resistance 2
a: no special abilities


You were on level 3 of the Dungeon.
You visited 1 branch of the dungeon, and saw 3 of its levels.

You collected 82 gold pieces.

Inventory:

Hand Weapons
 a - a +1 trident (weapon)
Armour
 e - a +0 tower shield (worn)
 f - a +1 scale mail of cold resistance (worn)
 k - a +2 pair of gloves (worn)
Jewellery
 j - a ring of wizardry
Potions
 d - a potion of might
 h - a potion of heal wounds


   Skills:
 + Level 3.9 Fighting
 * Level 3.0 Polearms
 + Level 3.2 Armour
 + Level 3.2 Shields


You had 3 spell levels left.
You didn't know any spells.
Your spell library contained the following spells:

 Spells                   Type           Power      Damage    Failure   Level
 Static Discharge         Conj/Air       0%         N/A       100%        2
 Tukima's Dance           Hex            0%         N/A       100%        3
 Passage of Golubria      Tloc           0%         N/A       100%        4
 Lightning Bolt           Conj/Air       0%         1d11      100%        5
 Yara's Violent Unravell  Hex/Tmut       0%         3d3       100%        5
 Maxwell's Capacitive Co  Air            0%         ∞         100%        8


Dungeon Overview and Level Annotations

Branches:
Dungeon (3/15)

Altars:
Xom


Innate Abilities, Weirdness & Mutations

You thrive by killing the living.
You are immune to poison.
You have sharp fingernails.
Your flesh is cold resistant. (rC+)
You are immune to negative energy. (rN+++)
You do not regenerate when monsters are visible.
You are immune to unholy pain and torment.


Message History

You barely miss the endoplasm.
The endoplasm is almost dead.
The endoplasm hits you but does no damage. x2
You puncture the endoplasm!
You kill the endoplasm!
The gnoll throws a throwing net.
The throwing net hits you.
You become entangled in the net!
You struggle against the net.
You are held in a net!
You struggle against the net.
The gnoll hits you with a +0 flail.
You are held in a net!
You struggle against the net.
The gnoll hits you with a +0 flail.
You are held in a net!
You shred the net and break free! The gnoll hits you with a +0 flail.
You closely miss the gnoll. You block the gnoll's attack. x2
You hit the gnoll but do no damage. The gnoll hits you but does no damage.
You hit the gnoll.
The gnoll is moderately wounded.
The gnoll hits you with a +0 flail. x2
You are too injured to fight recklessly!
You completely miss the gnoll.
The gnoll is moderately wounded.
You block the gnoll's attack.
You are too injured to fight recklessly!
You closely miss the gnoll.
The gnoll is moderately wounded.
You block the gnoll's attack. The gnoll hits you but does no damage.
You closely miss the gnoll.
The gnoll is moderately wounded.
You block the gnoll's attack. The gnoll hits you with a +0 flail.
You are too injured to fight recklessly!
You barely miss the gnoll.
The gnoll is moderately wounded.
You block the gnoll's attack.
You puncture the gnoll!
The gnoll is almost dead.
The gnoll hits you with a +0 flail!
* * * LOW HITPOINT WARNING * * *
The gnoll hits you with a +0 flail!
You die...

#.##.†......#
#.#..<......#
#.#.........#
#.#.........#
#.#l.gJ.....#
#.#.###.....#
#.#...#.....#
##.###.#J....#
#...@gg#.....#
########.g...#
........
..#.#####
.....


You could see 2 gnolls.

Vanquished Creatures
  3 adders (D:2)
  A gnoll (D:3)
  3 worms (D:2)
  2 dart slugs (D:1)
  7 endoplasms
  3 goblins
  A hobgoblin (D:2)
  8 jackals
  3 quokkas
  4 ball pythons
  6 bats
  5 frilled lizards
  A kobold (D:1)
  3 rats
50 creatures vanquished.

Notes
Turn   | Place    | Note
-------+----------+-------------------------------------------
     0 | D:1      | Clumpoid the Ghoul Fighter began the quest for the Orb.
     0 | D:1      | Reached XP level 1. HP: 19/19 MP: 0/0
    90 | D:1      | Reached XP level 2. HP: 25/26 MP: 1/1
   397 | D:1      | Reached XP level 3. HP: 27/31 MP: 2/2
   720 | D:2      | Found a shimmering altar of Xom.
   992 | D:2      | Reached XP level 4. HP: 35/40 MP: 3/3
  1234 | D:2      | Found a faded altar of an unknown god.
  1587 | D:3      | Slain by a gnoll

Illustrated notes

Levels and vault maps discovered:
D:1:      lightli_molten_gateway, layout_rooms, minmay_splitting_lines,
          st_stairs_11
D:2:      layout_loops_ring, ebering_ecumenical_altar_rust,
          kennysheep_flooded_box, dk_noncrumbling_4
D:3:      minmay_spotlight, layout_basic, uniq_robin

Skill      XL: |  1  2  3  4 |
---------------+-------------+-----
Polearms       | 2 3 |  3.0
Shields        | 3 |  3.2
Armour         | 3 |  3.2
Fighting       | |  3.9

Action                   |  1- 3 |  4- 6 || total
-------------------------+-------+-------++-------
Melee: Trident           |   116 |    64 ||   180
  Use: Scroll            |       |     4 ||     4
Armor: Scale mail        |    74 |    16 ||    90
Dodge: Dodged            |    43 |     7 ||    50
Block: Buckler           |     3 |       ||     3
       Tower shield      |    82 |    36 ||   118
